 Dungeon Crawl Stone Soup version 0.19-a0-277-g85cb9a5 (webtiles) character file.

28 epen the Vexing (level 3, -1/24 HPs)
             Began as a Demonspawn Enchanter on May 26, 2016.
             Slain by a jackal (2 damage)
             ... on level 1 of the Dungeon.
             The game lasted 00:01:39 (700 turns).

epen the Vexing (Demonspawn Enchanter)               Turns: 700, Time: 00:01:39

Health: -1/24      AC:  5    Str:  6 (8)  XL:     3   Next: 0%
Magic:  1/6        EV: 12    Int: 16 (17) God:
Gold:   49         SH:  0    Dex: 12 (13) Spells: 2 memorised, 3 levels left

rFire  . . .     SeeInvis .     a - +1 dagger
rCold  . . .     Gourm    .     b - +1 robe
rNeg   + . .     Faith    .     (no shield)
rPois  .         Spirit   .     (no helmet)
rElec  .         Dismiss  .     (no cloak)
rCorr  .         Reflect  .     (no gloves)
SustAt .         Harm     .     (no boots)
MR     .....                    (no amulet)
Stlth  ++........               (no ring)
                                i - ring of positive energy

@: not resistant to hostile enchantments, unstealthy
A: slimy green scales 1, powered by pain 1
a: no special abilities


You were on level 1 of the Dungeon.
You were not hungry.

You visited 1 branch of the dungeon, and saw 1 of its levels.

You collected 49 gold pieces.

Inventory:

Hand Weapons
 a - a +1 dagger (weapon)
Armour
 b - a +1 robe (worn)
Jewellery
 i - a ring of positive energy (left hand)
Scrolls
 e - a scroll of random uselessness {unknown}
 f - a scroll of blinking {unknown}
 g - a scroll of amnesia {unknown}
 k - a scroll of recharging {unknown}
 l - a scroll of fear {unknown}
Books
 c - a book of Maledictions

   Spells                             Type                      Level
   a - Corona                         Hexes                        1
   b - Ensorcelled Hibernation        Hexes/Ice                    2
   c - Confuse                        Hexes                        3
   d - Tukima's Dance                 Hexes                        3
   e - Dazzling Spray                 Conjuration/Hexes            3
Comestibles
 d - 2 bread rations


   Skills:
 + Level 1.2 Short Blades
 + Level 2.1 Dodging
 * Level 3.2 Stealth
 + Level 2.1 Spellcasting
 * Level 3.2 Hexes


You had 3 spell levels left.
You knew the following spells:

 Your Spells              Type           Power        Failure   Level  Hunger
a - Corona                Hex            ##.....      8%          1    #......
b - Ensorcelled Hibernat  Hex/Ice        #.....       17%         2    ###....


Dungeon Overview and Level Annotations

Branches:
Dungeon (1/15)

Altars:


Innate Abilities, Weirdness & Mutations

You are partially covered in slimy green scales. (AC +2)
You sometimes gain a little power by taking damage.


Message History

You barely miss the jackal. The hobgoblin barely misses you.
The jackal barely misses you.
You barely miss the jackal. The jackal closely misses you.
The hobgoblin hits you but does no damage.
You hit the jackal but do no damage. The jackal bites you.
The hobgoblin hits you with a club.
* * * LOW HITPOINT WARNING * * *
The jackal bites you.
* * * LOW HITPOINT WARNING * * *
You hit the jackal.
The jackal is moderately wounded.
The jackal closely misses you. The hobgoblin hits you with a club.
* * * LOW HITPOINT WARNING * * *
You barely miss the jackal.
The jackal is moderately wounded.
The jackal bites you but does no damage.
The hobgoblin hits you with a club.
* * * LOW HITPOINT WARNING * * *
The jackal bites you.
You die...

#............# #....÷.....#.##
#............# #(.........#.##
#.....>......# ###.##[#......#
#..).........## #.##.....#..#
#.............# #.##...######
#.............# #......#####.
#.............# #..##..+.....
####.#........#####..#...#####.
#.#.###.##.@†ghg.....## ##
..#.###+##.h###..##.#### # #
#.%............##....# #
#.........#g..##....# #
###.............##....# #
..........#.....##....#
..........##....##........
..........##.....##.......
..........##.....##........


You could see 2 jackals, a hobgoblin and a goblin.

Vanquished Creatures
  An ooze (D:1)
  2 dart slugs (D:1)
  2 giant cockroaches (D:1)
  3 goblins (D:1)
  A hobgoblin (D:1)
  2 jackals (D:1)
  6 bats (D:1)
  A giant newt (D:1)
  A kobold (D:1)
19 creatures vanquished.

Notes
Turn   | Place    | Note
--------------------------------------------------------------
     0 | D:1      | epen the Demonspawn Enchanter began the quest for the Orb.
     0 | D:1      | Reached XP level 1. HP: 13/13 MP: 3/3
   150 | D:1      | Reached skill level 1 in Short Blades
   150 | D:1      | Gained mutation: You are partially covered in slimy green scales. (AC +2) [demonic ancestry]
   150 | D:1      | Reached XP level 2. HP: 16/19 MP: 5/5
   623 | D:1      | Learned a level 2 spell: Ensorcelled Hibernation
   687 | D:1      | Gained mutation: You sometimes gain a little power by taking damage. [demonic ancestry]
   687 | D:1      | Reached XP level 3. HP: 8/24 MP: 0/6
   699 | D:1      | HP: 1/24 [hobgoblin/club (2)]
   700 | D:1      | Slain by a jackal

Vault maps used:
D:1:      mrwooster_arrival_arrow

Skill      XL: |  1  2 |
---------------+-------+-----
Short Blades   | 1 |  1.2
Stealth        | 3 |  3.2
Dodging        | 2 |  2.1
Spellcasting   | |  2.1
Hexes          | |  3.2

Action                   || total
-------------------------++-------
Melee: Dagger            ||   114
 Cast: Ensorcelled Hiber ||     2
       Corona            ||     1
  Use: Potion            ||     2
 Stab: Sleeping          ||     5
Armor: Robe              ||    55
Dodge: Dodged            ||   107
